Map: Ulrena

Players

LilDicky

  • Race: Terran Terran
  • League: Diamond

Michael - Winner!

  • Race: Protoss Protoss
  • League: Diamond

VOD

http://www.twitch.tv/tumescentpie

Description

Time

  • Played on: Dec. 11, 2015, 2:07 p.m.
  • Length: 7:16
Show
View Real Time Build Order
Export as new Build Order

LilDicky Terran 

Build Orders:  

Get SALT Encoding   

  12  0:01  SCV  
  13  0:13  SCV  
  14  0:18  Supply Depot  
  14  0:25  SCV  
  15  0:29  Refinery  
  15  0:39  SCV  
  16  0:46  Barracks  
  16  0:51  SCV  
  17  1:04  SCV  
  18  1:17  SCV  
  19  1:32  SCV  
  20  1:37  Marine  
  21  1:42  Supply Depot  
  21  1:47  Factory  
  21  1:48  Orbital Command  
  20  1:58  Marine  
  21  2:06  Refinery  
  21  2:14  SCV  
  22  2:16  Marine  
  23  2:30  Widow Mine  
  23  2:35  Starport, Marine  
  23  2:36  SCV  
  27  2:41  Supply Depot  
  27  2:48  SCV  
  28  2:53  Marine  
  29  2:58  Widow Mine  
  29  3:03  SCV  
  32  3:06  Supply Depot  
  32  3:11  Marine  
  33  3:15  SCV  
  33  3:16  Medivac  
  36  3:27  SCV, Widow Mine  
  36  3:32  Marine  
  40  3:39  Supply Depot  
  40  3:44  SCV  
  41  3:54  Starport Tech Lab  
  41  3:55  Widow Mine  
  41  3:56  SCV  
  44  4:12  Marine  
  44  4:14  Banshee  
  44  4:15  Cloaking Field  
  44  4:16  SCV  
  49  4:23  Command Center  
  49  4:25  Supply Depot  
  47  4:53  Marine  
  46  5:10  Marine  
  47  5:17  SCV  
  48  5:21  Widow Mine  
  48  5:26  Supply Depot  
  50  5:28  Marine  
  50  5:29  SCV  
  50  5:33  Banshee  
  53  5:46  Marine  
  42  6:22  SCV  
  43  6:29  Banshee  
  43  6:30  Barracks  
  45  6:32  Barracks Tech Lab  
  45  6:35  Barracks  
  45  6:36  Barracks x3  
  45  6:37  Barracks  
Show
View Real Time Build Order
Export as new Build Order

Michael Protoss - Winner!

Build Orders: 1 Gate Expand 

Get SALT Encoding   

  12  0:01  Probe (Chrono Boost)  
  13  0:12  Probe (Chrono Boost)  
  14  0:18  Pylon  
  14  0:23  Probe (Chrono Boost)  
  15  0:36  Probe (Chrono Boost)  
  15  0:39  Gateway  
  16  0:46  Probe (Chrono Boost)  
  17  0:57  Probe (Chrono Boost)  
  18  1:18  Nexus  
  18  1:36  Cybernetics Core  
  18  1:38  Assimilator x2  
  18  1:39  Probe (Chrono Boost)  
  19  1:49  Probe (Chrono Boost)  
  19  1:54  Pylon  
  20  2:00  Probe (Chrono Boost)  
  20  2:10  Probe (Chrono Boost)  
  21  2:16  Gateway  
  23  2:23  Mothership Core (Chrono Boost)  
  23  2:30  Probe, Adept (Chrono Boost)  
  26  2:41  Probe  
  26  2:43  Probe  
  28  2:47  Warp Gate  
  28  2:51  Probe  
  28  2:55  Probe, Pylon  
  30  3:00  Adept (Chrono Boost)  
  32  3:07  Adept (Chrono Boost)  
  35  3:12  Probe  
  35  3:13  Probe  
  36  3:25  Probe x2  
  36  3:29  Adept (Chrono Boost)  
  38  3:37  Probe x2  
  38  3:39  Robotics Facility  
  40  3:44  Adept (Chrono Boost)  
  42  3:50  Probe x2  
  44  3:57  Adept (Chrono Boost)  
  44  4:02  Probe x2  
  48  4:14  Probe x2  
  48  4:16  Assimilator  
  50  4:20  Assimilator  
  50  4:21  Adept (Chrono Boost)  
  50  4:22  Adept (Chrono Boost)  
  54  4:35  Pylon  
  54  4:40  Warp Prism  
  54  4:41  Probe  
  54  4:53  Probe, Pylon  
  52  5:17  Observer  
  53  5:24  Gateway  
  53  5:27  Gateway  
  53  5:29  Gateway  
  38  5:55  Stalker x2  
  40  6:15  Probe x2  
  42  6:27  Probe x2  
  42  6:29  Observer  
  45  6:37  Adept x5  
  45  6:39  Probe x2  
  57  6:51  Probe x2  
  59  6:56  Stalker  
  57  7:03  Probe  
Tags
 
Add a new tag
Caveats
  • Supply blocks, unpowered buildings, or Contaminate may cause inaccurate times.
  • Supply counts are checked every 10 seconds.